ITL
TUSCALOOSA TROUT SLAYERS @ BLUEVILLE 83'S
08/28/2026
 
TOP OF THE 1ST
Tuscaloosa Trout Slayers batting - Pitching for Blueville 83's : RHP Félix Medina
Pitching: RHP Félix Medina
Batting: RHB Pat Fullerton 0-0: Foul Ball, location: 2F
0-1: Swinging Strike
0-2: Ball
1-2: Foul Ball, location: 2F
1-2: Ball
2-2: Foul Ball, location: 2F
2-2: Strikes out swinging
Batting: LHB Ed Murray 0-0: Swinging Strike
0-1: Swinging Strike
0-2: Strikes out swinging
Batting: LHB Albert Morgan 0-0: Ball
1-0: Swinging Strike
1-1: Called Strike
1-2: Foul Ball, location: 2F
1-2: Strikes out swinging
Top of the 1st over - 0 run(s), 0 hit(s), 0 error(s), 0 left on base; Tuscaloosa 0 - Blueville 0
BOTTOM OF THE 1ST
Blueville 83's batting - Pitching for Tuscaloosa Trout Slayers : RHP Fernando Rodríguez
Pitching: RHP Fernando Rodríguez
Batting: RHB Earl Conrad 0-0: Called Strike
0-1: Ball
1-1: Ball
2-1: Foul Ball, location: 2F
2-2: Foul Ball, location: 2F
2-2: Strikes out swinging
Batting: RHB Juan Costello 0-0: Ball
1-0: Ball
2-0: Foul Ball, location: 2F
2-1: Ball
3-1: Base on Balls
Batting: RHB Naomichi Aoki 0-0: Ball
1-0: Called Strike
1-1: Ball
2-1: Swinging Strike
2-2: SINGLE (Groundball, 56D)
Juan Costello to second
Batting: RHB Gernot Renner 0-0: Called Strike
0-1: Ball
1-1: Ball
2-1: Ball
3-1: Base on Balls
Juan Costello to third
Naomichi Aoki to second
Batting: RHB Bryce Hester 0-0: Ball
1-0: Ball
2-0: Called Strike
2-1: Swinging Strike
2-2: Strikes out swinging
Batting: RHB Matt Perkins 0-0: Ball
1-0: Called Strike
1-1: Ball
2-1: Swinging Strike
2-2: Foul Ball, location: 2F
2-2: Foul Ball, location: 2F
2-2: Strikes out swinging
Bottom of the 1st over - 0 run(s), 1 hit(s), 0 error(s), 3 left on base; Tuscaloosa 0 - Blueville 0
TOP OF THE 2ND
Tuscaloosa Trout Slayers batting - Pitching for Blueville 83's : RHP Félix Medina
Batting: LHB Marcos Villarreal 0-0: Swinging Strike
0-1: Foul Ball, location: 2F
0-2: Foul Ball, location: 2F
0-2: Ball
1-2: Ball
2-2: Foul Ball, location: 2F
2-2: Fly out, F5 (Line Drive, 56)
Batting: RHB Shigemasa Ishida 0-0: Fly out, F8 (Flyball, 8LS)
Batting: RHB Lowie van den Bogaert 0-0: Foul Ball, location: 2F
0-1: Fly out, F7 (Flyball, 7M)
Top of the 2nd over - 0 run(s), 0 hit(s), 0 error(s), 0 left on base; Tuscaloosa 0 - Blueville 0
BOTTOM OF THE 2ND
Blueville 83's batting - Pitching for Tuscaloosa Trout Slayers : RHP Fernando Rodríguez
Batting: LHB Júlio Velásquez 0-0: Swinging Strike
0-1: Called Strike
0-2: Ball
1-2: Ball
2-2: Foul Ball, location: 2F
2-2: Strikes out looking
Batting: LHB Cristóbal Cintrón 0-0: Ball
1-0: Ground out 6-3 (Groundball, 6M)
Batting: LHB Robbie McLaughlin 0-0: Called Strike
0-1: Swinging Strike
0-2: Ball
1-2: Strikes out looking
Bottom of the 2nd over - 0 run(s), 0 hit(s), 0 error(s), 0 left on base; Tuscaloosa 0 - Blueville 0
TOP OF THE 3RD
Tuscaloosa Trout Slayers batting - Pitching for Blueville 83's : RHP Félix Medina
Batting: RHB Alberto Pérez 0-0: Ball
1-0: Ball
2-0: Fly out, F8 (Flyball, 8RM)
Batting: RHB Tetsunori Ito 0-0: Ball
1-0: Ball
2-0: Called Strike
2-1: Foul Ball, location: 2F
2-2: Ball
3-2: Base on Balls
Batting: RHB Ben Morton 0-0: Ball
1-0: Ball
2-0: Ball
3-0: Base on Balls
Tetsunori Ito to second
Batting: RHB Pat Fullerton 0-0: Ball
Wild Pitch!
Tetsunori Ito to third
Ben Morton to second
1-0: Ball
2-0: Called Strike
2-1: Swinging Strike
2-2: Ball
3-2: Fly out, F7 (Line Drive, 7M)
Runner from 3rd tags up, SCORES, throw made
Batting: LHB Ed Murray 0-0: Called Strike
0-1: Swinging Strike
0-2: Fly out, F8 (Flyball, 8LS)
Top of the 3rd over - 1 run(s), 0 hit(s), 0 error(s), 1 left on base; Tuscaloosa 1 - Blueville 0
BOTTOM OF THE 3RD
Blueville 83's batting - Pitching for Tuscaloosa Trout Slayers : RHP Fernando Rodríguez
Batting: RHB Earl Conrad 0-0: Ball
1-0: Ball
2-0: Called Strike
2-1: Foul Ball, location: 2F
2-2: Foul Ball, location: 2F
2-2: Foul Ball, location: 2F
2-2: Fly out, F7 (Flyball, 7D)
Batting: RHB Juan Costello 0-0: Called Strike
0-1: Foul Ball, location: 2F
0-2: Ball
1-2: Ball
2-2: SINGLE (Groundball, 6MD)
Batting: RHB Naomichi Aoki 0-0: Ball
Juan Costello is caught stealing 2nd base
1-0: Called Strike
1-1: Swinging Strike
1-2: Ball
2-2: Foul Ball, location: 2F
2-2: Foul Ball, location: 2F
2-2: Strikes out swinging
Bottom of the 3rd over - 0 run(s), 1 hit(s), 0 error(s), 0 left on base; Tuscaloosa 1 - Blueville 0
TOP OF THE 4TH
Tuscaloosa Trout Slayers batting - Pitching for Blueville 83's : RHP Félix Medina
Batting: LHB Albert Morgan 0-0: Called Strike
0-1: Swinging Strike
0-2: Ball
1-2: Foul Ball, location: 2F
1-2: Ball
2-2: Ball
3-2: Foul Ball, location: 2F
3-2: Ground out 4-3 (Groundball, 4)
Batting: LHB Marcos Villarreal 0-0: Swinging Strike
0-1: SINGLE (Line Drive, 9LS)
Batting: RHB Shigemasa Ishida 0-0: Called Strike
0-1: Ball
1-1: 2-RUN HOME RUN (Flyball, 7D), Distance : 394 ft
Batting: RHB Lowie van den Bogaert 0-0: Swinging Strike
0-1: Ball
1-1: Ball
2-1: SINGLE (Flyball, 89S)
Batting: RHB Alberto Pérez 0-0: Ball
1-0: Ball
2-0: SINGLE (Flyball, 78S)
Lowie van den Bogaert to second
Batting: RHB Tetsunori Ito 0-0: Ball
1-0: Called Strike
1-1: Swinging Strike
1-2: Strikes out swinging
Pitching: LHP Pierre Dumont
Batting: RHB Ben Morton 0-0: Ball
1-0: Foul Ball, location: 2F
1-1: SINGLE (Groundball, 6MD)
Lowie van den Bogaert to third
Alberto Pérez to second
Runner from 3rd tries for Home, SAFE, throw made at trailing runner, OUT at third!
Top of the 4th over - 3 run(s), 5 hit(s), 0 error(s), 1 left on base; Tuscaloosa 4 - Blueville 0
BOTTOM OF THE 4TH
Blueville 83's batting - Pitching for Tuscaloosa Trout Slayers : RHP Fernando Rodríguez
Batting: RHB Gernot Renner 0-0: Ball
1-0: Called Strike
1-1: Foul Ball, location: 2F
1-2: Strikes out swinging
Batting: RHB Bryce Hester 0-0: Ball
1-0: Called Strike
1-1: SINGLE (Groundball, 34D)
Batting: RHB Matt Perkins 0-0: Ball
1-0: Called Strike
1-1: Called Strike
1-2: Foul Ball, location: 2F
1-2: Ball
2-2: Ball
3-2: Strikes out swinging
Batting: LHB Júlio Velásquez 0-0: Ball
Bryce Hester is caught stealing 2nd base
Bottom of the 4th over - 0 run(s), 1 hit(s), 0 error(s), 0 left on base; Tuscaloosa 4 - Blueville 0
TOP OF THE 5TH
Tuscaloosa Trout Slayers batting - Pitching for Blueville 83's : LHP Pierre Dumont
Batting: RHB Pat Fullerton 0-0: Ball
1-0: Ball
2-0: Ground out 6-3 (Groundball, 6M)
Batting: LHB Ed Murray 0-0: SINGLE (Line Drive, 4M)
Batting: LHB Albert Morgan 0-0: Ball
1-0: Foul Ball, location: 2F
1-1: Ground out 4-3 (Groundball, 4M)
Ed Murray to second
Batting: LHB Marcos Villarreal 0-0: Ball
1-0: Ball
2-0: Called Strike
2-1: SINGLE (Groundball, 4M)
Ed Murray to third
Runner from 3rd tries for Home, SAFE, no throw or cutoff
Batting: RHB Shigemasa Ishida 0-0: Ball
1-0: Called Strike
1-1: Ball
2-1: Ball
3-1: Fly out, F3 (Popup, 3SF)
Top of the 5th over - 1 run(s), 2 hit(s), 0 error(s), 1 left on base; Tuscaloosa 5 - Blueville 0
BOTTOM OF THE 5TH
Blueville 83's batting - Pitching for Tuscaloosa Trout Slayers : RHP Fernando Rodríguez
Batting: LHB Júlio Velásquez 0-0: Called Strike
0-1: Ground out 6-3 (Groundball, 56)
Batting: LHB Cristóbal Cintrón 0-0: Foul Ball, location: 2F
0-1: Ball
1-1: Called Strike
1-2: Foul Ball, location: 2F
1-2: Ball
2-2: Ball
3-2: Base on Balls
Batting: LHB Robbie McLaughlin 0-0: Ball
1-0: Ball
2-0: Ball
3-0: Base on Balls
Cristóbal Cintrón to second
Batting: RHB Earl Conrad 0-0: Ball
1-0: Called Strike
1-1: 3-RUN HOME RUN (Flyball, 9D), Distance : 395 ft
Batting: RHB Juan Costello 0-0: Ball
1-0: Ball
2-0: Fly out, F6 (Popup, 6M)
Batting: RHB Naomichi Aoki 0-0: Ball
1-0: Foul Ball, location: 2F
1-1: Foul Ball, location: 2F
1-2: Ball
2-2: Strikes out swinging
Bottom of the 5th over - 3 run(s), 1 hit(s), 0 error(s), 0 left on base; Tuscaloosa 5 - Blueville 3
TOP OF THE 6TH
Tuscaloosa Trout Slayers batting - Pitching for Blueville 83's : LHP Pierre Dumont
Batting: RHB Lowie van den Bogaert 0-0: Ball
1-0: Ball
2-0: Foul Ball, location: 2F
2-1: Swinging Strike
2-2: Ball
3-2: Ground out 6-3 (Groundball, 6)
Batting: RHB Alberto Pérez 0-0: Ball
1-0: Ball
2-0: Called Strike
2-1: Ball
3-1: Called Strike
3-2: Foul Ball, location: 2F
3-2: Base on Balls
Batting: RHB Tetsunori Ito 0-0: Ball
1-0: Foul Ball, location: 2F
1-1: Ball
2-1: SINGLE (Flyball, 8LS)
Alberto Pérez to second
Batting: RHB Ben Morton 0-0: Ball
1-0: Foul Ball, location: 2F
1-1: Ball
2-1: Foul Ball, location: 2F
2-2: SINGLE (Groundball, 56D)
Alberto Pérez to third
Tetsunori Ito to second
Batting: RHB Pat Fullerton 0-0: Called Strike
0-1: Ball
1-1: Foul Ball, location: 2F
1-2: Strikes out looking
Batting: LHB Ed Murray 0-0: Called Strike
0-1: Ball
Passed Ball!
Alberto Pérez scores
Tetsunori Ito to third
Ben Morton to second
1-1: Called Strike
1-2: SINGLE (Groundball, 34D) (infield hit)
Tetsunori Ito scores
Ben Morton to third
Pitching: RHP Michael Carr
Batting: LHB Albert Morgan 0-0: Called Strike
0-1: Ball
1-1: Swinging Strike
1-2: Foul Ball, location: 2F
1-2: Strikes out swinging
Top of the 6th over - 2 run(s), 3 hit(s), 0 error(s), 2 left on base; Tuscaloosa 7 - Blueville 3
BOTTOM OF THE 6TH
Blueville 83's batting - Pitching for Tuscaloosa Trout Slayers : RHP Fernando Rodríguez
Pitching: LHP Claude Pinard
Batting: RHB Gernot Renner 0-0: Ball
1-0: Fly out, F8 (Flyball, 8RD)
Batting: RHB Bryce Hester 0-0: Ball
1-0: Ball
2-0: Fly out, F7 (Flyball, 78M)
Batting: RHB Matt Perkins 0-0: Ball
1-0: Ball
2-0: Ball
3-0: Called Strike
3-1: Ground out 5-3 (Groundball, 56)
Bottom of the 6th over - 0 run(s), 0 hit(s), 0 error(s), 0 left on base; Tuscaloosa 7 - Blueville 3
TOP OF THE 7TH
Tuscaloosa Trout Slayers batting - Pitching for Blueville 83's : RHP Michael Carr
Batting: LHB Marcos Villarreal 0-0: Called Strike
0-1: Ball
1-1: Fly out, F7 (Flyball, 78XD)
Batting: RHB Shigemasa Ishida 0-0: Ball
1-0: Foul Ball, location: 2F
1-1: Called Strike
1-2: Ball
2-2: Ball
3-2: Strikes out looking
Batting: RHB Lowie van den Bogaert 0-0: Foul Ball, location: 2F
0-1: Foul Ball, location: 2F
0-2: Ball
1-2: Ball
2-2: Ground out 1-3 (Groundball, 13)
Top of the 7th over - 0 run(s), 0 hit(s), 0 error(s), 0 left on base; Tuscaloosa 7 - Blueville 3
BOTTOM OF THE 7TH
Blueville 83's batting - Pitching for Tuscaloosa Trout Slayers : LHP Claude Pinard
Batting: LHB Júlio Velásquez 0-0: Ball
1-0: Ground out 5-3 (Groundball, 56)
Batting: LHB Cristóbal Cintrón 0-0: Ball
1-0: SINGLE (Flyball, 6MD)
Batting: LHB Robbie McLaughlin 0-0: Called Strike
0-1: Ball
1-1: Foul Ball, location: 2F
1-2: Fly out, F4 (Popup, 34D)
Batting: RHB Earl Conrad 0-0: Called Strike
0-1: Called Strike
0-2: Ball
1-2: Ball
2-2: Ball
3-2: Ground out 6-3 (Groundball, 6)
Bottom of the 7th over - 0 run(s), 1 hit(s), 0 error(s), 1 left on base; Tuscaloosa 7 - Blueville 3
TOP OF THE 8TH
Tuscaloosa Trout Slayers batting - Pitching for Blueville 83's : RHP Michael Carr
Batting: RHB Alberto Pérez 0-0: SINGLE (Groundball, 4MD)
Batting: RHB Tetsunori Ito 0-0: Ball
1-0: Ball
2-0: Ball
3-0: Called Strike
3-1: Foul Ball, location: 2F
3-2: Foul Ball, location: 2F
3-2: Strikes out swinging
Batting: RHB Ben Morton 0-0: Ball
1-0: Foul Ball, location: 2F
1-1: Swinging Strike
1-2: Strikes out swinging
Batting: RHB Pat Fullerton 0-0: Ball
1-0: Ball
2-0: Foul Ball, location: 2F
2-1: Called Strike
2-2: SINGLE (Line Drive, 7LS)
Alberto Pérez to second
Batting: LHB Ed Murray 0-0: Swinging Strike
0-1: Foul Ball, location: 2F
0-2: Strikes out swinging
Top of the 8th over - 0 run(s), 2 hit(s), 0 error(s), 2 left on base; Tuscaloosa 7 - Blueville 3
BOTTOM OF THE 8TH
Blueville 83's batting - Pitching for Tuscaloosa Trout Slayers : LHP Claude Pinard
Pitching: RHP Jesús Ramos
Batting: RHB Juan Costello 0-0: Swinging Strike
0-1: Ball
1-1: Fly out, F7 (Flyball, 78D)
Batting: RHB Naomichi Aoki 0-0: Called Strike
0-1: Ball
1-1: Ground out 6-3 (Groundball, 6)
Batting: RHB Gernot Renner 0-0: Called Strike
0-1: SOLO HOME RUN (Flyball, 78XD), Distance : 430 ft
Batting: RHB Bryce Hester 0-0: Swinging Strike
0-1: Foul Ball, location: 2F
0-2: Ball
1-2: Ball
2-2: Foul Ball, location: 2F
2-2: Foul Ball, location: 2F
2-2: Foul Ball, location: 2F
2-2: Foul Ball, location: 2F
2-2: Foul Ball, location: 2F
2-2: Foul Ball, location: 2F
2-2: Ground out 4-3 (Groundball, 4)
Bottom of the 8th over - 1 run(s), 1 hit(s), 0 error(s), 0 left on base; Tuscaloosa 7 - Blueville 4
TOP OF THE 9TH
Tuscaloosa Trout Slayers batting - Pitching for Blueville 83's : RHP Michael Carr
Batting: LHB Albert Morgan 0-0: Called Strike
0-1: Called Strike
0-2: Foul Ball, location: 2F
0-2: Ball
1-2: Ball
2-2: Ball
3-2: Fly out, F9 (Flyball, 9D)
Batting: LHB Marcos Villarreal 0-0: Called Strike
0-1: Called Strike
0-2: Ball
1-2: Fly out, F2 (Popup, 2RF)
Batting: RHB Shigemasa Ishida 0-0: Ball
1-0: Ball
2-0: Ball
3-0: Called Strike
3-1: Foul Ball, location: 2F
3-2: Foul Ball, location: 2F
3-2: Strikes out swinging
Top of the 9th over - 0 run(s), 0 hit(s), 0 error(s), 0 left on base; Tuscaloosa 7 - Blueville 4
BOTTOM OF THE 9TH
Blueville 83's batting - Pitching for Tuscaloosa Trout Slayers : RHP Jesús Ramos
Pitching: RHP John Charles
Batting: RHB Matt Perkins 0-0: Foul Ball, location: 2F
0-1: Called Strike
0-2: Ball
1-2: Fly out, F8 (Flyball, 8LS)
Batting: LHB Júlio Velásquez 0-0: Ball
1-0: Ball
2-0: Fly out, F8 (Flyball, 8LS)
Batting: LHB Cristóbal Cintrón 0-0: Ball
1-0: Ball
2-0: Swinging Strike
2-1: Ball
3-1: Base on Balls
Batting: LHB Robbie McLaughlin 0-0: Called Strike
0-1: Ball
1-1: Foul Ball, location: 2F
1-2: Ball
2-2: Ball
Wild Pitch!
Cristóbal Cintrón to second
3-2: Ground out 6-3 (Groundball, 6)
Bottom of the 9th over - 0 run(s), 0 hit(s), 0 error(s), 1 left on base; Tuscaloosa 7 - Blueville 4
Monday, December 5th, 2016 - OOTP Baseball 17.12 Build 75